 Dungeon Crawl Stone Soup version 0.29.0-7-g18a832c13a (webtiles) character file.

Game seed: 3785496332061955741

64 voltaire321 the Insei (level 4, -4/33 HPs)
             Began as a Merfolk Transmuter on Aug 31, 2022.
             Slain by an iguana (13 damage)
             ... on level 3 of the Dungeon.
             The game lasted 00:04:49 (2210 turns).

voltaire321 the Insei (Merfolk Transmuter)          Turns: 2210, Time: 00:04:50

Health: -4/33      AC:  2    Str: 10    XL:     4   Next: 12%
Magic:  7/7        EV: 13    Int: 12    God:
Gold:   163        SH:  0    Dex: 16    Spells: 1/7 levels left

rFire   . . .      SeeInvis .   d - +0 dagger
rCold   . . .      Faith    .   (no shield)
rNeg    . . .      Spirit   .   a - +0 robe
rPois   .          Reflect  .   (no helmet)
rElec   .          Harm     .   (no cloak)
rCorr   .          Rampage  .   (no gloves)
Will    .....                   (no boots)
Stlth   ++........              (no amulet)
HPRegen 0.11/turn               (no ring)
MPRegen 0.10/turn               (no ring)

@: no status effects
A: (nimble swimmer 2), mertail
a: no special abilities


You were on level 3 of the Dungeon.
You visited 1 branch of the dungeon, and saw 3 of its levels.

You collected 163 gold pieces.

Inventory:

Hand Weapons
 d - a +0 dagger (weapon)
Armour
 a - a +0 robe (worn)
Wands
 n - a wand of paralysis (9)
Scrolls
 f - a scroll of vulnerability {unknown}
 h - a scroll of teleportation {unknown}
 j - 2 scrolls of identify {unknown}
 k - a scroll of enchant armour {unknown}
 l - a scroll of amnesia {unknown}
Potions
 b - 2 potions of lignification
 c - a potion of invisibility {unknown}
 e - a potion of curing
 g - a potion of degeneration {unknown}
 i - a potion of heal wounds {unknown}
 m - a potion of cancellation {unknown}


   Skills:
 + Level 1.8 Fighting
 + Level 3.4 Dodging
 + Level 1.0 Stealth
 + Level 3.7 Unarmed Combat
 + Level 2.4 Spellcasting
 + Level 3.4 Transmutations
 + Level 0.4 Poison Magic


You had one spell level left.
You knew the following spells:

 Your Spells              Type           Power      Damage    Failure   Level
a - Beastly Appendage     Tmut           18%        N/A       6%          1
b - Wereblood             Tmut           9%         N/A       10%         2
c - Spider Form           Tmut/Pois      6%         N/A       34%         3

Your spell library contained the following spells:

 Spells                   Type           Power      Damage    Failure   Level
 Ice Form                 Ice/Tmut       5%         N/A       78%         4


Dungeon Overview and Level Annotations

Branches:
Dungeon (2/15)

Altars:
Yredelemnul


Innate Abilities, Weirdness & Mutations

((You are very nimble when in or above water. (Stealth+, EV+, Speed+++)))
Your lower body shifts to a powerful aquatic tail in water.


Message History

You barely miss the iguana.
You headbutt the iguana, but do no damage.
The iguana barely misses you.
You barely miss the iguana.
Your transformation is almost over.
The iguana barely misses you.
You hit the iguana. You headbutt the iguana.
The iguana is moderately wounded.
The iguana bites you!
You hit the iguana but do no damage. Your headbutt misses the iguana.
The iguana is moderately wounded.
The iguana closely misses you.
You hit the iguana. You headbutt the iguana.
The iguana is severely wounded.
The iguana closely misses you.
You hit the iguana but do no damage.
The iguana is severely wounded.
The iguana closely misses you.
You hit the iguana but do no damage.
The iguana is severely wounded.
The iguana closely misses you.
You hit the iguana but do no damage. Your headbutt misses the iguana.
The iguana is severely wounded.
The iguana bites you!
You completely miss the iguana.
The iguana is severely wounded.
The iguana closely misses you.
You hit the iguana but do no damage.
The iguana is severely wounded.
The iguana misses you.
You barely miss the iguana. Your headbutt misses the iguana.
The iguana is severely wounded.
Your horns disappear.
The iguana closely misses you.
You hit the iguana but do no damage.
The iguana is severely wounded.
The iguana bites you!
* * * LOW HITPOINT WARNING * * *
It was a potion of curing.
You feel better. The iguana bites you!
You die...

#.######.######.
#.# #...#.#.#
#.# #..#..#.##
#.# #..###..#.#
#.##..##.##..##
#.#..##.l ##..#
######.#.# w.?
##.# .##....#.
.. ##..#
.......##.
#.##@.##
.......#
#..#.#l.#.#
.......#
#.....#.##
.......#
#.#...#†#.#
.......#
#########
.##...## #####.#
##.# #..# #####


You could see an iguana.

Vanquished Creatures
  A gnoll (D:1)
  An adder (D:3)
  2 worms (D:2)
  3 dart slugs
  3 endoplasms (D:1)
  A giant cockroach (D:1)
  2 goblins (D:1)
  4 hobgoblins
  A quokka (D:2)
  6 ball pythons
  2 bats (D:1)
  A frilled lizard (D:2)
  5 kobolds
  3 rats (D:1)
35 creatures vanquished.

Notes
Turn   | Place    | Note
-------+----------+-------------------------------------------
     0 | D:1      | voltaire321 the Merfolk Transmuter began the quest for the
                  | Orb.
     0 | D:1      | Reached XP level 1. HP: 15/15 MP: 3/3
   207 | D:1      | Reached XP level 2. HP: 20/21 MP: 3/5
   217 | D:1      | Learned a level 2 spell: Wereblood
   418 | D:1      | Reached XP level 3. HP: 25/26 MP: 3/6
  1083 | D:1      | Learned a level 3 spell: Spider Form
  1793 | D:2      | You fall into a shaft and drop 1 floor!
  1793 | D:3      | Found a faded altar of an unknown god.
  1964 | D:3      | Found a basalt altar of Yredelemnul.
  2008 | D:3      | Reached skill level 1 in Stealth
  2008 | D:3      | Reached XP level 4. HP: 29/33 MP: 5/7
  2209 | D:3      | HP: 1/33 [iguana (10)]
  2210 | D:3      | Slain by an iguana

Illustrated notes

Levels and vault maps discovered:
D:1:      psy_arrival_fountain, layout_loops_cross, serial_bayou_pond_c,
          kennysheep_crisscross
D:2:      minmay_skewed_foursquare, layout_basic, serial_shops,
          nicolae_shop_trees
D:3:      minmay_diamond_boxcup, layout_rooms, nicolae_overflow_crystal_walls,
          yredelemnul_altar_generic, mainiacjoe_overflow_large_starburst,
          shapermc_ecumenical_altar_starsandcircs, minmay_misc_feat_ornament,
          chequers_serial_rivers_micro_c, nicolae_hexahallways, minmay_vboxes

Skill      XL: |  1  2  3 |
---------------+----------+-----
Transmutations | 3 |  3.4
Dodging        | 3 |  3.4
Stealth        | 1 |  1.0
Fighting       | |  1.8
Unarmed Combat | |  3.7
Spellcasting   | |  2.4
Poison Magic   | |  0.4

Action                   |  1- 3 |  4- 6 || total
-------------------------+-------+-------++-------
Melee: Unarmed           |    14 |       ||    14
       Headbutt          |    21 |     4 ||    25
       Punch             |     3 |     1 ||     4
       Dagger            |    73 |    17 ||    90
 Cast: Beastly Appendage |    20 |     2 ||    22
  Use: Potion            |       |     1 ||     1
 Stab: Sleeping          |     2 |     1 ||     3
Armor: Robe              |     7 |       ||     7
Dodge: Dodged            |    53 |    13 ||    66
